 Dungeon Crawl Stone Soup version 0.28-a0-10-g964c8b829e (webtiles) character file.

Game seed: 643190215431661010

70 hatdisgam the Digger (level 4, -8/30 HPs)
             Began as a Formicid Earth Elementalist on July 25, 2021.
             Mangled by a worm (11 damage)
             ... on level 3 of the Dungeon.
             The game lasted 00:04:27 (3585 turns).

hatdisgam the Digger (Formicid Earth Elementalist)  Turns: 3585, Time: 00:04:28

Health: -8/30      AC:  2    Str: 13    XL:     4   Next: 45%
Magic:  2/8        EV: 12    Int: 15    God:
Gold:   78         SH:  0    Dex: 11    Spells: 1/9 levels left

rFire   . . .      SeeInvis +   o - +0 hand axe (flame)
rCold   . . .      Faith    .   (no shield)
rNeg    . . .      Spirit   .   b - +0 robe
rPois   .          Reflect  .   (helmet unavailable)
rElec   .          Harm     .   (no cloak)
rCorr   .          Rampage  .   (no gloves)
Will    .....                   (no boots)
Stlth   ++........              (no amulet)
HPRegen 0.10/turn               (no ring)
MPRegen 0.11/turn               (no ring)

@: very slightly contaminated
A: permanent stasis, dig shafts and tunnels, antennae 3, four strong arms
a: Dig, Shaft Self


You were on level 3 of the Dungeon.
You visited 1 branch of the dungeon, and saw 3 of its levels.

You collected 78 gold pieces.

Inventory:

Hand Weapons
 a - a +0 short sword
 f - a +3 mace
 o - a +0 hand axe of flaming (weapon)
Missiles
 c - 62 stones
Armour
 b - a +0 robe (worn)
Scrolls
 h - a scroll of teleportation {unknown}
 i - 2 scrolls of enchant weapon {unknown}
 j - 3 scrolls of immolation {unknown}
 k - 2 scrolls of identify {unknown}
 l - a scroll of amnesia {unknown}
 n - a scroll of fog {unknown}
Potions
 d - 2 potions of invisibility {unknown}
 e - 2 potions of brilliance {unknown}
 g - a potion of haste {unknown}
 m - a potion of curing {unknown}


   Skills:
 + Level 0.1 Fighting
 - Level 1.7 Dodging
 - Level 2.4 Stealth
 - Level 3.0 Spellcasting
 - Level 0.3 Conjurations
 * Level 0.3 Summonings
 - Level 1.1 Transmutations
 * Level 0.3 Ice Magic
 - Level 5.1 Earth Magic


You had one spell level left.
You knew the following spells:

 Your Spells              Type           Power      Damage    Failure   Level
a - Sandblast             Erth           34%        2d9       2%          1
b - Stone Arrow           Conj/Erth      20%        3d8       19%         3
c - Summon Ice Beast      Ice/Summ       3%         N/A       86%         4

Your spell library contained the following spells:

 Spells                   Type           Power      Damage    Failure   Level
 Foxfire                  Conj/Fire      8%         2x1d4     19%         1
 Corona                   Hex            2%         N/A       21%         1
 Passwall                 Tmut/Erth      9%         N/A       9%          2
 Ensorcelled Hibernation  Hex/Ice        4%         N/A       28%         2
 Frozen Ramparts          Ice            6%         1d2       47%         3
 Conjure Flame            Conj/Fire      2%         6-21      50%         3
 Petrify                  Tmut/Erth      11%        N/A       50%         4
 Inner Flame              Hex/Fire       2%         N/A       52%         3
 Tukima's Dance           Hex            2%         N/A       52%         3
 Ice Form                 Ice/Tmut       4%         N/A       83%         4


Dungeon Overview and Level Annotations

Branches:
Dungeon (3/15)

Altars:


Innate Abilities, Weirdness & Mutations

You cannot be hasted, slowed, berserked, paralysed or teleported.
You can dig through walls and to a lower floor.
You have a pair of large antennae on your head. (SInv)
Your four strong arms can wield two-handed weapons with a shield.


Message History

Confirm with . or Enter, or press ? or * to list all spells.
Aiming: Sandblast (safe; 2% risk of failure)
Press: ? - help, Shift-Dir - straight line, f/p - orc priest
Aim: an orc priest, wielding a +0 war axe and wearing a +0 ring mail (almost dead, 82% to hit)
The blast of sand hits the orc priest but does no damage.
The orc priest is almost dead.
The orc priest mumbles some strange prayers to Beogh against you.
You barely resist.
You hit the orc priest but do no damage.
The orc priest is almost dead.
The orc priest misses you.
Casting: Sandblast (safe; 2% risk of failure)
Confirm with . or Enter, or press ? or * to list all spells.
Aiming: Sandblast (safe; 2% risk of failure)
Press: ? - help, Shift-Dir - straight line, f/p - orc priest
Aim: an orc priest, wielding a +0 war axe and wearing a +0 ring mail (almost dead, 82% to hit)
You miscast Sandblast.
You are very lightly contaminated with residual magic.
Nothing appears to happen.
The orc priest misses you. The worm bites you.
Casting: Sandblast (safe; 2% risk of failure)
Confirm with . or Enter, or press ? or * to list all spells.
Aiming: Sandblast (safe; 2% risk of failure)
Press: ? - help, Shift-Dir - straight line, f/p - orc priest
Aim: an orc priest, wielding a +0 war axe and wearing a +0 ring mail (almost dead, 82% to hit)
The blast of sand hits the orc priest but does no damage.
The orc priest is almost dead.
The orc priest mumbles some strange prayers to Beogh against you.
Beogh smites you!
* * * LOW HITPOINT WARNING * * *
Casting: Sandblast (safe; 2% risk of failure)
Confirm with . or Enter, or press ? or * to list all spells.
Aiming: Sandblast (safe; 2% risk of failure)
Press: ? - help, Shift-Dir - straight line, f/p - orc priest
Aim: an orc priest, wielding a +0 war axe and wearing a +0 ring mail (almost dead, 82% to hit)
The blast of sand hits the orc priest but does no damage.
The orc priest is almost dead.
The orc priest hits you with a +0 war axe.
* * * LOW HITPOINT WARNING * * *
The worm bites you!
You die...

.. { { {{ #.{ #o
{ .. # #.
####### #.##.#.
#@....#
#.....o###ow...#
#...w...#.....#
#.#.###.......#
#.......#
#..##.#.# # #..#
..... .##.##..#
##.###
.....(..####.#


You could see a worm and an orc priest.

Vanquished Creatures
  An adder (D:2)
  A worm (D:3)
  A dart slug (D:2)
  5 orcs (D:3)
  A bat (D:1)
  3 giant cockroaches (D:2)
  6 goblins
  3 hobgoblins
  10 jackals
  5 kobolds
  4 ball pythons
  2 frilled lizards
  5 rats
47 creatures vanquished.

Notes
Turn   | Place    | Note
-------+----------+-------------------------------------------
     0 | D:1      | hatdisgam the Formicid Earth Elementalist began the quest
                  | for the Orb.
     0 | D:1      | Reached XP level 1. HP: 13/13 MP: 3/3
   316 | D:1      | Reached skill level 4 in Earth Magic
   424 | D:1      | Reached XP level 2. HP: 19/19 MP: 5/5
  1382 | D:1      | Found a faded altar of an unknown god.
  1924 | D:2      | Reached XP level 3. HP: 21/24 MP: 6/6
  2531 | D:2      | Reached skill level 5 in Earth Magic
  2915 | D:3      | Reached XP level 4. HP: 30/30 MP: 4/8
  2919 | D:3      | Learned a level 3 spell: Stone Arrow
  3376 | D:3      | Learned a level 4 spell: Summon Ice Beast
  3585 | D:3      | Mangled by a worm

Illustrated notes

Levels and vault maps discovered:
D:1:      nicolae_arrival_washed_ashore, layout_basic, basic_ecumenical_altar
D:2:      wad_crossroads, layout_rooms, nicolae_underground_beach
D:3:      layout_loops_cross

Skill      XL: |  1  2  3  4 |
---------------+-------------+-----
Earth Magic    | 4 5 |  5.1
Spellcasting   | 3 |  3.0
Fighting       | |  0.1
Dodging        | |  1.7
Stealth        | |  2.4
Conjurations   | |  0.3
Summonings     | |  0.3
Transmutations | |  1.1
Ice Magic      | |  0.3

Action                   |  1- 3 |  4- 6 || total
-------------------------+-------+-------++-------
Melee: Short sword       |    16 |       ||    16
       Mace              |    89 |    30 ||   119
       Hand axe          |       |     1 ||     1
 Cast: Sandblast         |    11 |    14 ||    25
 Stab: Sleeping          |     5 |       ||     5
Armor: Robe              |    28 |     5 ||    33
Dodge: Dodged            |    98 |    26 ||   124

Table legend: (Time is in decaauts)
 A = Elapsed time spent in this place.
 B = Non-inter-level travel time spent in this place.
 C = Inter-level travel time spent in this place.
 D = Time resting spent in this place.
 E = Time spent auto-exploring this place.
 F = Levels seen in this place.
 G = Mean time per level.
                   A        B        C        D        E       F      G
               +--------+--------+--------+--------+--------+-----+--------+
         Total |   3633 |   3463 |    170 |     59 |   2940 |   3 | 1211.0 |
       Dungeon |   3633 |   3463 |    170 |     59 |   2940 |   3 | 1211.0 |
               +--------+--------+--------+--------+--------+-----+--------+

Top non-repeatable levels by time:
     D:1: 1598 daAuts
     D:2: 1308 daAuts
     D:3: 726 daAuts
